 Dungeon Crawl Stone Soup version 0.21.1-1-g345015f (webtiles) character file.

149 letownia2 the Conjurer (level 5, 0/29 HPs)
             Began as a Tengu Wizard on Mar 2, 2018.
             Was an Initiate of Sif Muna.
             Slain by an orc
             ... wielding a +0 short sword
              (3 damage)
             ... on level 2 of the Dungeon.
             The game lasted 00:06:05 (818 turns).

letownia2 the Conjurer (Tengu Wizard)                Turns: 818, Time: 00:06:06

Health: 0/29       AC:  3    Str:  7    XL:     5   Next: 31%
Magic:  1/10       EV: 11    Int: 20    God:    Sif Muna [......]
Gold:   63         SH:  0    Dex: 12    Spells: 1/10 levels left

rFire    . . .     SeeInvis .   a - +0 mace
rCold    . . .     Gourm    .   (no shield)
rNeg     . . .     Faith    .   u - +0 leather armour
rPois    .         Spirit   .   b - +0 hat
rElec    .         Reflect  .   (no cloak)
rCorr    .         Harm     .   (no gloves)
MR       .....                  (boots unavailable)
Stlth    +.........             (no amulet)
HPRegen  0.09/turn              (no ring)
MPRegen  0.12/turn              (no ring)

@: confused
A: beak, talons 3, able to fly 1
a: Fly, Renounce Religion


You were on level 2 of the Dungeon.
You worshipped Sif Muna.
Sif Muna was noncommittal.
You were hungry.

You visited 1 branch of the dungeon, and saw 3 of its levels.

You collected 63 gold pieces.

Inventory:

Hand Weapons
 a - a +0 mace (weapon)
 c - a +0 blowgun
 f - a cursed +0 dagger
 n - a +0 short sword
 p - a +0 spear
 w - a +0 hand axe
Missiles
 v - 3 poisoned needles
Armour
 b - a +0 hat (worn)
 g - a +0 buckler
 u - a +0 leather armour (worn)
 x - a +0 ring mail
Scrolls
 i - a scroll of teleportation {unknown}
 j - a scroll of remove curse {unknown}
 l - a scroll of fog {unknown}
 t - a scroll of amnesia {unknown}
Potions
 e - a potion of curing {unknown}
 h - a potion of invisibility {unknown}
 m - a potion of haste {unknown}
 o - a potion of brilliance {unknown}
 q - a potion of mutation {unknown}
 s - a potion of berserk rage {unknown}
Books
 k - a book of Minor Magic

   Spells                             Type                      Level
   a - Magic Dart                     Conjuration                  1
   b - Blink                          Translocation                2
   c - Call Imp                       Summoning                    2
   d - Slow                           Hexes                        2
   e - Conjure Flame                  Conjuration/Fire             3
   f - Mephitic Cloud                 Conjuration/Poison/Air       3
Comestibles
 d - 2 rations
 r - 3 chunks of flesh


   Skills:
 + Level 1.0 Fighting
 - Level 2.1 Dodging
 - Level 2.0 Stealth
 + Level 3.2 Spellcasting
 + Level 5.5 Conjurations
   Level 1.2 Summonings
 - Level 0.7 Translocations
 + Level 1.0 Fire Magic
 + Level 1.4 Air Magic


You had one spell level left.
You knew the following spells:

 Your Spells              Type           Power        Failure   Level  Hunger
a - Magic Dart            Conj           ####         2%          1    None
b - Blink                 Tloc           N/A          24%         2    ##.....
c - Conjure Flame         Conj/Fire      ###.....     16%         3    ###....
e - Mephitic Cloud        Conj/Pois/Air  ##......     24%         3    ###....


Dungeon Overview and Level Annotations

Branches:
Dungeon (3/15)

Altars:
Ashenzari
Fedhas
Hepliaklqana
Qazlal
Sif Muna
Zin


Innate Abilities, Weirdness & Mutations

You have a beak for a mouth.
You have claws for feet.
You can fly.


Message History

Unknown command.
Unknown command.
You bump into the rock wall.
You are engulfed in noxious fumes.
You choke on the stench!
You are more confused.
* * * LOW HITPOINT WARNING * * *
The orc is engulfed in noxious fumes.
The orc appears confused.
The orc completely misses you.
Unknown command.
Unknown command.
You bump into the rock wall.
You are engulfed in noxious fumes.
You choke on the stench!
You are more confused.
* * * LOW HITPOINT WARNING * * *
The orc is engulfed in noxious fumes.
The orc appears confused.
The orc closely misses you.
Unknown command.
You bump into the rock wall.
The orc is engulfed in noxious fumes.
The orc appears confused.
The orc hits you with a short sword.
You die...

........ #.......#
........####.......### #####
.....................## #....
........####.......#..# #....
........# #........#.# #....
........# #........#.# #....
........# ######...#.# #....
........#########...#.#######....
..........))..§o@...........÷....
#############.###..(#.#####.#....
#..........#.÷# #.#####
#.##.###.####.## #.# #.##.# #.#
#..# #[##### #.##.#
#.#####.###.##... #.##.#
#................ # #.##.#
#..#####.##.##... # #.##.# #..#
#.##.##...


You could see an orc (confused).

Vanquished Creatures
  A centaur skeleton (D:3)
  Jessica (D:2)
  Terence (D:2)
  4 gnolls (D:2)
  2 oozes (D:2)
  3 orcs (D:3)
  A ball python (D:1)
  A bat (D:2)
  2 giant cockroaches (D:2)
  4 goblins
  2 hobgoblins
  A quokka (D:2)
  4 frilled lizards
  3 kobolds
  A rat (D:2)
31 creatures vanquished.

Notes
Turn   | Place    | Note
-------+----------+-------------------------------------------
     0 | D:1      | letownia2 the Tengu Wizard began the quest for the Orb.
     0 | D:1      | Reached XP level 1. HP: 10/10 MP: 5/5
    47 | D:1      | Reached skill level 2 in Conjurations
   116 | D:2      | Noticed Jessica
   154 | D:2      | Killed Jessica
   154 | D:2      | Reached skill level 4 in Conjurations
   154 | D:2      | Reached XP level 2. HP: 12/15 MP: 0/7
   154 | D:2      | Reached XP level 3. HP: 16/19 MP: 0/8
   171 | D:2      | Learned a level 3 spell: Mephitic Cloud
   175 | D:2      | Learned a level 3 spell: Conjure Flame
   242 | D:2      | Noticed Terence
   264 | D:2      | Killed Terence
   264 | D:2      | Reached skill level 5 in Conjurations
   264 | D:2      | Reached XP level 4. HP: 19/24 MP: 2/9
   268 | D:2      | Learned a level 2 spell: Blink
   489 | D:2      | Reached skill level 1 in Air Magic
   584 | D:2      | Found a hazy altar of Hepliaklqana.
   588 | D:2      | Found a shattered altar of Ashenzari.
   589 | D:2      | Found a glowing silver altar of Zin.
   595 | D:2      | Found a blossoming altar of Fedhas.
   595 | D:2      | Found a deep blue altar of Sif Muna.
   603 | D:2      | Became a worshipper of Sif Muna the Loreminder
   665 | D:3      | Found a stormy altar of Qazlal.
   693 | D:3      | Reached skill level 1 in Fire Magic
   693 | D:3      | Gained mutation: You can fly. [Tengu growth]
   693 | D:3      | Reached XP level 5. HP: 19/28 MP: 3/10
   724 | D:3      | Reached skill level 1 in Fighting
   818 | D:2      | Slain by an orc

Skill      XL: |  1  2  3  4  5 |
---------------+----------------+-----
Conjurations   | 4 5 |  5.5
Air Magic      | 1 |  1.4
Fire Magic     | 1 |  1.0
Fighting       | 1 |  1.0
Dodging        | |  2.1
Stealth        | |  2.0
Spellcasting   | |  3.2
Summonings     | |  1.2
Translocations | |  0.7

Action                   |  1- 3 |  4- 6 || total
-------------------------+-------+-------++-------
Melee: Mace              |     7 |    43 ||    50
       Kick              |     1 |     8 ||     9
       Peck              |       |     6 ||     6
 Fire: Blowgun           |       |     3 ||     3
 Cast: Magic Dart        |    20 |    31 ||    51
       Mephitic Cloud    |     1 |     4 ||     5
       Conjure Flame     |     1 |     1 ||     2
 Stab: Sleeping          |       |     1 ||     1
Armor: Robe              |     1 |     9 ||    10
       Leather armour    |       |     2 ||     2
Dodge: Dodged            |     4 |    34 ||    38
